 Dungeon Crawl Stone Soup version 0.28.0-53-g5a82cb258f (webtiles) character file.

Game seed: 2381276866174590337

63 firemarshallily the Sneak (level 4, 0/29 HPs)
             Began as an Octopode Brigand on June 28, 2022.
             Slain by a ball python (1 damage)
             ... on level 2 of the Dungeon.
             The game lasted 00:02:56 (2094 turns).

firemarshallily the Sneak (Octopode Brigand)        Turns: 2094, Time: 00:02:57

Health: 0/29       AC:  1    Str: 10    XL:     4   Next: 9%
Magic:  4/4        EV: 12    Int: 13    God:
Gold:   63         SH:  0    Dex: 15    Spells: 3/3 levels left

rFire   . . .      SeeInvis .   a - +2 dagger
rCold   . . .      Faith    .   (no shield)
rNeg    . . .      Spirit   .   (helmet restricted)
rPois   .          Reflect  .   (no amulet)
rElec   .          Harm     .   (no ring)
rCorr   .          Rampage  .   (no ring)
Will    .....                   (no ring)
Stlth   ++++......              (no ring)
HPRegen 0.09/turn               (no ring)
MPRegen 0.09/turn               (no ring)
                                (no ring)
                                (no ring)

@: no status effects
A: almost no armour, amphibious, 8 rings, camouflage 1, gelatinous body 1,
(nimble swimmer 1), tentacles
a: no special abilities


You were on level 2 of the Dungeon.
You visited 1 branch of the dungeon, and saw 2 of its levels.

You collected 63 gold pieces.

Inventory:

Hand Weapons
 a - a +2 dagger (weapon)
Missiles
 b - 8 poisoned darts (quivered)
 c - 2 curare-tipped darts
 d - 88 stones
 f - 4 javelins
Scrolls
 e - 3 scrolls of identify {unknown}
Potions
 g - a potion of curing


   Skills:
 - Level 2.0 Fighting
 * Level 3.6 Short Blades
 - Level 2.0 Throwing
 - Level 1.0 Dodging
 + Level 6.1 Stealth


You had 3 spell levels left.
You didn't know any spells.
Your spell library contained the following spells:

 Spells                   Type           Power      Damage    Failure   Level
 Summon Small Mammal      Summ           0%         N/A       30%         1
 Call Canine Familiar     Summ           0%         N/A       67%         3
 Summon Guardian Golem    Hex/Summ       0%         N/A       67%         3


Dungeon Overview and Level Annotations

Branches:
Dungeon (2/15)

Altars:

Annotations:
D:2 Sigmund


Innate Abilities, Weirdness & Mutations

You cannot wear most types of armour.
You are amphibious.
You can wear up to eight rings at the same time.
Your skin changes colour to match your surroundings (Stealth+).
Your rubbery body absorbs attacks. (AC +1, EV +1)
((You are camouflaged when in or above water. (Stealth+)))
You have tentacles for arms and can constrict up to eight enemies at once.


Message History

Aim: Sigmund, wielding a +0 scythe and wearing a +0 robe (moderately wounded, 57% to hit)
You throw a poisoned dart. The poisoned dart hits Sigmund.
Sigmund is poisoned.
Sigmund is moderately wounded.
Throw: 10 darts (poison)
Press: ? - help, Q - select action, (/) - cycle Shift-Dir - straight line, f/p - Sigmund
Aim: Sigmund, wielding a +0 scythe and wearing a +0 robe (moderately wounded, poisoned, 57% to hit)
You throw a poisoned dart. The poisoned dart hits Sigmund.
Sigmund looks even sicker.
Sigmund is moderately wounded.
Sigmund drinks a potion.
Sigmund seems to speed up.
Throw: 9 darts (poison)
Press: ? - help, Q - select action, (/) - cycle Shift-Dir - straight line, f/p - Sigmund
Aim: Sigmund, wielding a +0 scythe and wearing a +0 robe (moderately wounded, fast, very poisoned, 57% to hit)
You throw a poisoned dart. The poisoned dart hits Sigmund.
Sigmund looks even sicker.
Sigmund is moderately wounded.
Sigmund screams, "Die, monster!"
Sigmund hits you from afar with a +0 scythe!
The ball python bites you. The ball python barely misses you.
Sigmund misses you.
You hit Sigmund. You grab Sigmund. You squeeze Sigmund.
Sigmund is moderately wounded.
You constrict Sigmund. The ball python misses you.
The ball python barely misses you.
You hit Sigmund.
Sigmund is heavily wounded.
You constrict Sigmund.
Sigmund screams, "Die, monster!"
Sigmund hits you with a +0 scythe!
* * * LOW HITPOINT WARNING * * *
The ball python closely misses you. The ball python barely misses you.
You hit Sigmund.
Sigmund is heavily wounded.
You constrict Sigmund, but do no damage.
The ball python misses you. The ball python closely misses you.
Sigmund barely misses you.
You hit Sigmund.
Sigmund is severely wounded.
You constrict Sigmund. The ball python bites you.
You die...

#..#..# ## ##.##.# .#
##..##... .
#..#.##.##........ ...
#...##.#.#..##.......# ...
#...................#...#
#..##.#......##.....#....
#....#.#..##..##..........
...
#...........#........## ##
#.....@.....#รท....#....
##...S.@........<...##.
#.#....(...#####..###.
#.......(>.[..##..# #.
##......(..##.##..# #.
..........#.###.....###.
....<.#....#(# ####......
........#.....# #..)...
..............######..###.


You could see Sigmund (fast, very poisoned) and a ball python.

Vanquished Creatures
  3 adders (D:2)
  A worm (D:2)
  A dart slug (D:1)
  3 endoplasms (D:1)
  A giant cockroach (D:1)
  4 goblins
  4 hobgoblins
  4 kobolds
  A quokka (D:2)
  2 ball pythons (D:1)
  3 bats
  2 frilled lizards (D:1)
  A rat (D:2)
30 creatures vanquished.

Notes
Turn   | Place    | Note
-------+----------+-------------------------------------------
     0 | D:1      | firemarshallily the Octopode Brigand began the quest for
                  | the Orb.
     0 | D:1      | Reached XP level 1. HP: 14/14 MP: 1/1
   405 | D:1      | Reached XP level 2. HP: 19/19 MP: 2/2
  1297 | D:2      | Reached XP level 3. HP: 24/24 MP: 3/3
  1420 | D:2      | Reached skill level 6 in Stealth
  1422 | D:2      | Reached XP level 4. HP: 17/29 MP: 4/4
  1448 | D:2      | HP: 1/29 [worm (10)]
  1770 | D:2      | Noticed Sigmund
  2092 | D:2      | HP: 1/29 [Sigmund/+0 scythe (13)]
  2094 | D:2      | Slain by a ball python

Illustrated notes

Levels and vault maps discovered:
D:1:      mrwooster_arrival_statue_3, layout_basic
D:2:      layout_rooms, uniq_sigmund

Skill      XL: |  1  2  3 |
---------------+----------+-----
Short Blades   | 3 |  3.6
Stealth        | 6 |  6.1
Fighting       | |  2.0
Throwing       | |  2.0
Dodging        | |  1.0

Action                   |  1- 3 |  4- 6 || total
-------------------------+-------+-------++-------
Melee: Dagger            |    40 |    21 ||    61
       Constrict         |     9 |     4 ||    13
       Tentacles         |    11 |     6 ||    17
Throw: Dart              |       |     6 ||     6
  Use: Potion            |       |     1 ||     1
 Stab: Sleeping          |    13 |       ||    13
Armor: Skin              |     1 |       ||     1
Dodge: Dodged            |    18 |    12 ||    30
